 Dungeon Crawl Stone Soup version 0.32-a0-699-g1ee5eff69a (webtiles) character file.

Game seed: 11624142924729587168

143 seren the Ruffian (level 5, -9/34 HPs)
             Began as an Octopode Shapeshifter on Mar 13, 2024.
             Was an Initiate of Gozag.
             Splashed by a jelly's acid (10 damage)
             ... on level 4 of the Dungeon.
             The game lasted 00:05:28 (2616 turns).

seren the Ruffian (Octopode Shapeshifter)           Turns: 2616, Time: 00:05:28

Health: -9/34      AC: -3    Str: 15    XL:     5   Next: 25%
Magic:  5/5        EV: 12    Int: 12    God:    Gozag
Gold:   46         SH:  0    Dex: 12    Spells: 4/4 levels left

rFire   . .          .
                       - Unarmed
rCold   . . .        (no shield)
rNeg    . . .        (helmet currently unavailable)
rPois   .            q - amulet of regeneration
rElec   .            (no ring)
rCorr   .            (no ring)
SInv    .            (no ring)
Will    .....        (no ring)
Stlth   +++          (no ring)
HPRegen 1.05/turn    (no ring)
MPRegen 0.09/turn    (no ring)
                     (no ring)

%: no passive effects
@: beast-form, corroded
A: beast (slay +2), almost no armour, amphibious, 8 rings, camouflage 1,
gelatinous body 1, (nimble swimmer 1), tentacles
a: Begin Untransformation, Renounce Religion, Potion Petition, Call Merchant,
Bribe Branch


You were on level 4 of the Dungeon.
You worshipped Gozag.
Gozag was noncommittal.
You were a hulking beast.
You visited 2 branches of the dungeon, and saw 5 of its levels.

You collected 229 gold pieces.
You spent 88 gold pieces at shops.
You paid 95 gold pieces to Gozag.

Inventory:

Hand Weapons
 n - the +9 whip of Golden Gallantry {elec, +Blink rN++ rCorr Int-2}
   (You found it on level 2 of the Dungeon)

   Int-2:     It affects your intelligence (-2).
   rN++:      It greatly protects you from negative energy.
   +Blink:    It lets you blink.
   rCorr:     It protects you from acid and corrosion.
Missiles
 f - 6 poisoned darts (quivered)
 l - 4 boomerangs
 p - 9 javelins
Jewellery
 q - an amulet of regeneration (around mantle)
Talismans
 b - a beast talisman (active)
 c - a flux talisman
Scrolls
 d - a scroll of brand weapon
 g - a scroll of amnesia {unknown}
 i - a scroll of blinking {!r}
 j - a scroll of enchant armour {unknown}
 k - a scroll of enchant weapon {unknown}
 r - a scroll of fear {unknown}
Potions
 a - a potion of lignification
 e - 3 potions of heal wounds
 h - a potion of magic
 m - 2 potions of curing
 o - a potion of mutation {!q}


   Skills:
 + Level 2.0 Fighting
 + Level 2.7 Dodging
 + Level 2.2 Stealth
 * Level 3.9 Unarmed Combat
 * Level 3.7 Shapeshifting


You had 4 spell levels left.
You didn't know any spells.
Your spell library contained the following spells:

 Spells                   Type           Power      Damage    Failure   Level
 Sting                    Conj/Alch      0%         1d3       32%         1
 Mercury Vapours          Alch/Air       0%         N/A       45%         2
 Dazzling Flash           Conj/Hex       0%         N/A       69%         3
 Mephitic Cloud           Conj/Alch/Air  0%         N/A       69%         3
 Olgreb's Toxic Radiance  Alch           0%         N/A       97%         4
 Curse of Agony           Necr           0%         N/A       100%        5
 Silence                  Hex/Air        0%         N/A       100%        5


Dungeon Overview and Level Annotations

Branches:
Dungeon (4/15)             Temple (1/1) D:4

Altars:
Ashenzari
Cheibriados
Elyvilon
Gozag
Kikubaaqudgha
Makhleb
Nemelex Xobeh
Okawaru
Ru
Sif Muna
Trog
Uskayaw
Wu Jian
Xom
Yredelemnul
Zin
The Shining One

Shops:
D:3 !


Innate Abilities, Weirdness & Mutations

You are a hulking beast.
Your limbs bulge with bestial killing power. (Slay +2)
You cannot wear most types of armour.
You are amphibious.
You can wear up to eight rings at the same time.
Your skin changes colour to match your surroundings (Stealth+).
Your rubbery body absorbs attacks. (AC +1, EV +1)
((You are camouflaged when in or above water. (Stealth+)))
You have tentacles for arms and can constrict up to eight enemies at once.


Message History

h - a potion of magic
As you read the scroll of identify, it crumbles to dust.
o - a potion of mutation
As you read the scroll of identify, it crumbles to dust.
i - a scroll of blinking You miss the quokka.
You grab the quokka. You constrict the quokka.
You kill the quokka!
No target in view!
A dart slug comes into view.
You see here 4 gold pieces.
A dart slug is nearby!
You now have 46 gold pieces (gained 4).
A jelly comes into view.
You see here a scroll labelled OMUHULIVISCH.
g - a scroll labelled OMUHULIVISCH The helpless jelly fails to defend itself.
You tentacle-slap the jelly.
Your tentacles burn!
You squeeze the jelly, but do no damage.
The jelly is lightly wounded.
You tentacle-slap the jelly.
Your tentacles burn!
The jelly is moderately wounded.
The jelly hits you.
You are splashed with acid!
* * * LOW HITPOINT WARNING * * *
You tentacle-slap the jelly.
Your tentacles burn!
* * * LOW HITPOINT WARNING * * *
Your tentacle-slap misses the jelly.
The jelly is moderately wounded.
The jelly hits you.
* * * LOW HITPOINT WARNING * * *
The acid corrodes you!
You are splashed with acid!
* * * LOW HITPOINT WARNING * * *
You tentacle-slap the jelly.
Your tentacles burn!
* * * LOW HITPOINT WARNING * * *
Your squeeze misses the jelly.
The jelly is severely wounded.
The jelly hits you.
* * * LOW HITPOINT WARNING * * *
You are splashed with acid!
You die...
Your body crumbles into a pile of gold.

#.# #.# #.# #.# #..
##.. #.# #......w..
#J###.........
#h.............
#.###..........
#.####.##.##.## #
#..##.........#.#
##+.............#
#...#..⌠...⌠..#.#
##...#........?#.#
......)....>......#
###...#.........#.#


You could see a jelly.

Vanquished Creatures
  A hound (D:4)
  A gnoll (D:3)
  An adder (D:2)
  A ribbon worm (D:2)
  3 dart slugs
  11 orcs
  8 endoplasms
  A giant cockroach (D:2)
  9 goblins
  7 hobgoblins
  7 kobolds
  5 quokkas
  A ball python (D:3)
  5 bats
  3 frilled lizards
  4 rats
68 creatures vanquished.

Notes
Turn   | Place    | Note
-------+----------+-------------------------------------------
     0 | D:1      | seren the Octopode Shapeshifter began the quest for the
                  | Orb.
     0 | D:1      | Reached XP level 1. HP: 13/13 MP: 1/1
    87 | D:1      | Found a faded altar of an unknown god.
    87 | D:1      | Noticed a hellwing
   116 | D:1      | Reached XP level 2. HP: 17/18 MP: 2/2
   254 | D:1      | Reached skill level 1 in Stealth
   344 | D:1      | Reached XP level 3. HP: 23/23 MP: 3/3
   678 | D:2      | You fall into a shaft and drop 2 floors!
   687 | D:4      | Reached XP level 4. HP: 21/29 MP: 4/4
   888 | D:3      | Found Sutalih's Distillery.
   895 | D:3      | Bought a potion of curing for 33 gold pieces
   895 | D:3      | Bought a potion of heal wounds for 55 gold pieces
  1017 | D:2      | Identified the +9 whip of Golden Gallantry {elec, +Blink
                  | rN++ rCorr Int-2}
  2100 | D:3      | Reached XP level 5. HP: 28/34 MP: 5/5
  2143 | D:3      | Found a sparkling altar of Nemelex Xobeh.
  2164 | D:3      | HP: 1/34 [gnoll/+0 spear (7)]
  2559 | D:4      | Found a staircase to the Ecumenical Temple.
  2562 | D:4      | Identified the +0 leather armour of Burning Amelioration
                  | {rElec Will+}
  2569 | Temple   | Entered the Ecumenical Temple
  2579 | Temple   | Became a worshipper of Gozag Ym Sagoz the Greedy
  2616 | D:4      | HP: 1/34 [jelly (3)]
  2616 | D:4      | Splashed by a jelly's acid

Illustrated notes

Levels and vault maps discovered:
D:1:      minmay_arrival_wavy_path, layout_rooms,
          dreamdust_ecumenical_altar_sealed_demon
D:2:      layout_loops_corners, kennysheep_another_room
D:3:      layout_basic, nemelex_dance_club_becter, serial_shops,
          nicolae_shop_rolling_square
D:4:      minmay_chambers_of_twos, layout_basic, minmay_temple_entry_large_hall,
          uniq_pikel
Temple:   eino_temple_rhombus

Skill      XL: |  1  2  3  4 |
---------------+-------------+-----
Stealth        | 1 2 |  2.2
Fighting       | 2 |  2.0
Dodging        | |  2.7
Unarmed Combat | |  3.9
Shapeshifting  | |  3.7

Action                     |  1- 3 |  4- 6 || total
---------------------------+-------+-------++-------
  Melee: Unarmed           |    44 |    67 ||   111
         Tentacles         |    10 |    11 ||    21
         Constrict         |     9 |    16 ||    25
         Punch             |     2 |     1 ||     3
    Use: Scroll            |     1 |     4 ||     5
   Stab: Sleeping          |     4 |    12 ||    16
 Armour: Skin              |    18 |    43 ||    61
  Dodge: Dodged            |    23 |    32 ||    55

Table legend: (Time is in decaauts)
 A = Elapsed time spent in this place.
 B = Non-inter-level travel time spent in this place.
 C = Inter-level travel time spent in this place.
 D = Time resting spent in this place.
 E = Time spent auto-exploring this place.
 F = Levels seen in this place.
 G = Mean time per level.
                   A        B        C        D        E       F      G
               +--------+--------+--------+--------+--------+-----+--------+
         Total |   2609 |   2490 |    119 |     72 |   1665 |   5 |  521.8 |
       Dungeon |   2589 |   2470 |    119 |     72 |   1665 |   4 |  647.2 |
        Temple |     20 |     20 |      0 |      0 |      0 |   1 |   20.0 |
               +--------+--------+--------+--------+--------+-----+--------+

Top non-repeatable levels by time:
     D:3: 978 daAuts
     D:2: 927 daAuts
     D:1: 578 daAuts
     D:4: 105 daAuts
  Temple: 20 daAuts
